 Dungeon Crawl Stone Soup version 0.22.0-5-gf09313c8f9 (webtiles) character file.

40292 Peloso the Blocker (level 13, -7/118 HPs)
             Began as a Minotaur Fighter on Aug 14, 2018.
             Was the Champion of Okawaru.
             Splashed by an oklob plant's acid (10 damage)
             ... on level 5 of the Lair of Beasts.
             The game lasted 00:55:18 (24141 turns).

Peloso the Blocker (Minotaur Fighter)              Turns: 24141, Time: 00:55:19

Health: -7/118     AC:  2    Str: 24    XL:     13   Next: 73%
Magic:  13/13      EV: 10    Int:  5    God:    Okawaru [******]
Gold:   925        SH: 13    Dex: 12    Spells: 12/12 levels left

rFire    + . .     SeeInvis +   a - +3 demon blade (flame)
rCold    . . .     Gourm    +   c - +0 shield
rNeg     . . .     Faith    .   F - +1 chain mail {MR+}
rPois    +         Spirit   .   D - +1 hat
rElec    .         Reflect  .   x - +0 cloak {rF+}
rCorr    .         Harm     .   (no gloves)
MR       +....                  z - +1 pair of boots {Fly}
Stlth    ..........             r - amulet of the gourmand
HPRegen  0.29/turn              o - ring of poison resistance
MPRegen  0.13/turn              b - ring of see invisible

@: corroded, flying
A: retaliatory headbutt, horns 2
a: Heroism, Finesse, Renounce Religion, Stop Flying


You were on level 5 of the Lair of Beasts.
You worshipped Okawaru.
Okawaru was exalted by your worship.
You were full.

You visited 3 branches of the dungeon, and saw 19 of its levels.
You also visited: Ice Cave and Volcano.

You collected 1135 gold pieces.
You spent 210 gold pieces at shops.

Inventory:

Hand Weapons
 a - a +3 demon blade of flaming (weapon)
 j - a +4 scimitar of flaming
Armour
 c - a +0 shield (worn)
 g - a +1 cloak of cold resistance
 x - a +0 cloak of fire resistance (worn)
 z - a +1 pair of boots of flying (worn)
 D - a +1 hat (worn)
 F - a +1 chain mail of magic resistance (worn)
Jewellery
 b - a ring of see invisible (right hand)
 n - an uncursed amulet of guardian spirit
 o - a ring of poison resistance (left hand)
 r - an amulet of the gourmand (around neck)
 E - an uncursed ring of stealth
 M - an uncursed ring of ice
Wands
 d - a wand of digging (24)
 h - a wand of acid (9)
Scrolls
 e - 2 scrolls of fear
 i - 2 scrolls of teleportation
 l - 9 scrolls of remove curse
 p - a scroll of enchant weapon
 q - 2 scrolls of noise
 G - 2 scrolls of silence
 L - 2 scrolls of fog
Potions
 m - 5 potions of curing
 s - a potion of flight
 t - 3 potions of invisibility
 u - a potion of brilliance
 B - 3 potions of haste
 H - 2 potions of berserk rage
 J - 2 potions of agility
 K - a potion of resistance
Comestibles
 f - 23 rations


   Skills:
 + Level 12.1 Fighting
 + Level 11.9 Long Blades
   Level 12.7 Axes
 + Level 12.4 Armour
 + Level 4.9 Dodging
 + Level 2.0 Stealth
 + Level 13.6 Shields
 + Level 1.6 Invocations
 + Level 2.1 Evocations


You had 12 spell levels left.
You didn't know any spells.
Your spell library contained the following spells:

 Spells                   Type           Power        Failure   Level  Hunger
 Confuse                  Hex            #.......     100%        3    ####...
 Mephitic Cloud           Conj/Pois/Air  #.......     100%        3    ####...
 Venom Bolt               Conj/Pois      #.........   100%        5    ######.
 Olgreb's Toxic Radiance  Pois           #.......     100%        4    #####..
 Animate Dead             Necr           N/A          100%        4    #####..
 Pain                     Necr           #...         97%         1    ##.....
 Animate Skeleton         Necr           N/A          97%         1    ##.....
 Vampiric Draining        Necr           #.........   100%        3    ####...
 Regeneration             Chrm/Necr      #.........   100%        3    ####...
 Sting                    Conj/Pois      #...         97%         1    ##.....
 Tukima's Dance           Hex            #.......     100%        3    ####...
 Confusing Touch          Hex            #.....       97%         1    ##.....
 Ensorcelled Hibernation  Hex/Ice        #.....       99%         2    ###....
 Metabolic Englaciation   Hex/Ice        #.........   100%        5    ######.
 Corona                   Hex            #......      97%         1    ##.....
 Petrify                  Tmut/Erth      #.......     100%        4    #####..
 Dazzling Spray           Conj/Hex       #.....       100%        3    ####...
 Gell's Gravitas          Tloc           #.........   100%        3    ####...
 Yara's Violent Unravell  Hex/Tmut       #.........   100%        5    ######.
 Poisonous Vapours        Pois/Air       #.....       99%         2    ###....


Dungeon Overview and Level Annotations

Branches:
Dungeon (13/15)            Temple (1/1) D:6            Lair (5/6) D:10
 Shoals (0/4) Lair:3       Spider (0/4) Lair:3          Orc (0/2) D:10
  Slime: Lair:5-6    Vaults: D:13-14

Altars:
Ashenzari
Cheibriados
Dithmenos
Elyvilon
Fedhas
Gozag
Hepliaklqana
Kikubaaqudgha
Makhleb
Nemelex Xobeh
Okawaru
Qazlal
Ru
Sif Muna
Trog
Vehumet
Wu Jian
Xom
Yredelemnul
Zin
The Shining One
Beogh

Shops:
D:4 *   D:8 %   D:10 (?=:   D:13 *

Annotations:
D:5 1 runed door
D:12 3 runed doors, Wishicw's ghost, novice MiBe
Lair:1 3 runed doors, Rueph's ghost, journeyman DsGl
Lair:5 exclusion: oklob plant


Innate Abilities, Weirdness & Mutations

You reflexively headbutt those who attack you in melee.
You have a pair of horns on your head.


Message History

You block the splash of acid.
You slash the oklob plant! You burn the oklob plant!
You headbutt the oklob plant.
The oklob plant is severely damaged.
The oklob plant spits acid at you. The splash of acid hits you!
* * * LOW HITPOINT WARNING * * *
You are splashed with acid!
The acid burns!
* * * LOW HITPOINT WARNING * * *
You hit the oklob plant but do no damage.
You headbutt the oklob plant, but do no damage.
The oklob plant is severely damaged.
Unknown command.
You hit the oklob plant but do no damage.
The oklob plant is severely damaged.
The oklob plant spits acid at you. The splash of acid hits you!
* * * LOW HITPOINT WARNING * * *
The acid corrodes you!
You are splashed with acid!
The acid burns!
You die...

#.#.P##P. ..#### .
### #..### ##.######
#..P)######.#.....##
.#...##.#.....P###.#
......#.....########
.............$)$?#
............P?.).#
............P[..@#
.........#..P$..P#
<.....P.P#P.######
#.#.#.#####.##..###
#.÷...#####.......#
.#..[..#..........#
.......+.........##
...⌠.....†........#
...[...+..........#


You could see an oklob plant.

Vanquished Creatures
  A reaper (IceCv)
  Harold (D:7)
  A hydra (D:12)
  Erica (Lair:2)
  A two-headed ogre (D:11)
  Pikel (D:9)
  4 ugly things
  An orc sorcerer (Volcano)
  3 oklob plants
  A manticore (Lair:3)
  10 elephants
  A cyclops (D:13)
  A centaur zombie (D:13)
  2 ice statues (IceCv)
  2 molten gargoyles (D:12)
  3 black mambas
  6 centaur skeletons
  The ghost of Tarcrawler the Thaumaturge, a novice SpNe of Kikubaaqudgha (D:7)
  4 spiny frogs
  2 gargoyles (D:11)
  2 rime drakes
  4 komodo dragons
  2 kobold demonologists (D:8)
  9 ice devils
  3 trolls
  A merfolk (D:9)
  9 slime creatures
  A meliai zombie (D:13)
  9 blink frogs (Lair:3)
  11 hippogriffs
  A wyvern (Lair:3)
  A wraith (D:12)
  2 shadows
  15 yaks
  2 basilisks
  A hungry ghost (D:9)
  A steam dragon (D:9)
  5 hell hounds (Volcano)
  5 water moccasins
  A porcupine (Lair:3)
  2 ice beasts
  A necrophage (D:11)
  10 orc warriors
  5 black bears
  A sky beast (D:8)
  A wolf (D:10)
  3 slaves (D:9)
  5 ogres
  A phantom (D:4)
  4 centaurs
  4 crocodiles
  2 big kobolds
  2 wyvern zombies (D:13)
  9 bullfrogs
  2 wyvern skeletons
  4 scorpions
  18 killer bees
  4 howler monkeys (D:7)
  10 wights
  4 electric eels (D:10)
  5 lava snakes (D:12)
  4 crimson imps
  10 hounds
  A jelly (D:12)
  4 bullfrog skeletons
  11 orc priests
  A gnoll shaman (D:10)
  5 iguanas
  14 worker ants
  Natasha (thrice) (D:3 D:5)
  16 orc wizards
  3 hound skeletons
  A howler monkey zombie (D:7)
  15 adders
  5 gnolls (D:10)
  A howler monkey skeleton (D:5)
  2 shadow imps
  4 white imps (IceCv)
  10 ufetubi (IceCv)
  An ooze (D:6)
  An adder zombie (D:5)
  An adder skeleton (D:7)
  5 worms
  2 dart slugs
  8 leopard geckos
  72 orcs
  5 giant cockroaches
  8 goblins
  13 hobgoblins
  15 jackals
  A quokka (D:6)
  3 ball pythons (D:3)
  8 bats
  4 frilled lizards
  23 kobolds
  A leopard gecko skeleton (D:9)
  A quokka skeleton (D:7)
  2 quokka zombies
  9 rats
  3 butterflies (D:5)
525 creatures vanquished.

Vanquished Creatures (others)
  A smoke demon (Volcano)
  5 white imps (IceCv)
  3 ufetubi (IceCv)
  2 plants
11 creatures vanquished.

Grand Total: 536 creatures vanquished

Notes
Turn   | Place    | Note
-------+----------+-------------------------------------------
     0 | D:1      | Peloso the Minotaur Fighter began the quest for the Orb.
     0 | D:1      | Reached XP level 1. HP: 19/19 MP: 0/0
   105 | D:1      | Reached XP level 2. HP: 23/27 MP: 1/1
   162 | D:1      | Reached skill level 4 in Shields
   626 | D:1      | Reached XP level 3. HP: 27/33 MP: 2/2
  1022 | D:2      | Found a faded altar of an unknown god.
  1158 | D:2      | Reached XP level 4. HP: 39/40 MP: 3/3
  1622 | D:3      | Noticed Natasha
  1629 | D:3      | Killed Natasha
  1762 | D:3      | Reached XP level 5. HP: 45/47 MP: 4/4
  1792 | D:3      | Noticed Natasha
  1799 | D:3      | Killed Natasha
  1799 | D:3      | Reached skill level 5 in Fighting
  1948 | D:3      | Found a shattered altar of Ashenzari.
  2231 | D:4      | Reached skill level 1 in Dodging
  2253 | D:4      | Noticed an ogre
  2257 | D:4      | Killed an ogre
  2257 | D:4      | Reached skill level 5 in Shields
  2257 | D:4      | Reached XP level 6. HP: 28/56 MP: 5/5
  2596 | D:5      | Entered Level 5 of the Dungeon
  2923 | D:4      | Reached skill level 5 in Long Blades
  3111 | D:4      | Reached skill level 5 in Armour
  3174 | D:4      | Found Uremubin's General Store.
  3211 | D:4      | Reached XP level 7. HP: 44/62 MP: 6/6
  3361 | D:4      | Bought a scroll of magic mapping for 49 gold pieces
  3361 | D:4      | Bought a +0 pair of boots of flying for 161 gold pieces
  3502 | D:4      | Got a crude hand axe
  3503 | D:4      | Identified the +7 hand axe "Goblin's Foe" {chop, *Corrode rC+ Str-2 Dex+8} (You found it on level 4 of the Dungeon)
  3640 | D:5      | Reached skill level 6 in Shields
  3692 | D:5      | Found a runed door.
  3994 | D:5      | Found a runed door.
  4031 | D:5      | Noticed Natasha
  4037 | D:5      | Killed Natasha
  4359 | D:6      | Reached skill level 1 in Axes
  4395 | D:6      | Reached XP level 8. HP: 68/70 MP: 7/7
  4490 | D:6      | Found a staircase to the Ecumenical Temple.
  4544 | Temple   | Entered the Ecumenical Temple
  4644 | Temple   | Became a worshipper of Warmaster Okawaru
  4841 | D:6      | Found a glowing golden altar of the Shining One.
  5114 | D:7      | Reached skill level 7 in Shields
  5364 | D:7      | Noticed Harold
  5367 | D:7      | Reached skill level 5 in Axes
  5369 | D:7      | Found an ancient bone altar of Kikubaaqudgha.
  5380 | D:7      | Killed Harold
  5380 | D:7      | Reached * piety under Okawaru
  5380 | D:7      | Reached ** piety under Okawaru
  5380 | D:7      | Reached XP level 9. HP: 55/79 MP: 8/8
  5523 | D:7      | Found a snail-covered altar of Cheibriados.
  5544 | D:7      | Reached skill level 8 in Shields
  5547 | D:7      | Reached *** piety under Okawaru
  5771 | D:7      | Found a runed door.
  5771 | D:7      | Noticed Tarcrawler's ghost (novice SpNe)
  6237 | D:5      | Reached skill level 9 in Shields
  6347 | D:8      | Reached skill level 1 in Stealth
  6383 | D:8      | Found Guawkuvo's Food Shoppe.
  6583 | D:8      | Noticed a kobold demonologist
  6584 | D:8      | Noticed a kobold demonologist
  6589 | D:8      | Noticed a sun demon
  6589 | D:8      | Killed a kobold demonologist
  6589 | D:8      | Reached XP level 10. HP: 89/89 MP: 9/9
  6630 | D:8      | Reached **** piety under Okawaru
  7264 | D:9      | Reached skill level 10 in Axes
  7344 | D:9      | Reached skill level 10 in Shields
  7484 | D:9      | Noticed Pikel
  7512 | D:9      | Killed Pikel
  7512 | D:9      | Reached ***** piety under Okawaru
  8256 | D:7      | Killed Tarcrawler's ghost
  8345 | D:10     | Entered Level 10 of the Dungeon
  8443 | D:10     | Reached skill level 1 in Invocations
  8535 | D:10     | Found a staircase to the Lair.
  8565 | D:10     | Reached XP level 11. HP: 70/97 MP: 10/10
  8577 | D:10     | Found Kakykief's Antique Weapon Emporium.
  8597 | D:10     | Found Uzotis's Magic Scroll Shop.
  8640 | D:10     | Found Pol Geqo's Book Shop.
  8640 | D:10     | Found Mock's Jewellery Shop.
  8659 | D:10     | Found a roughly hewn altar of Beogh.
  8659 | D:10     | Found a staircase to the Orcish Mines.
  8687 | D:10     | Reached skill level 1 in Evocations
  9115 | D:11     | Received a gift from Okawaru
  9179 | D:11     | Reached skill level 11 in Shields
  9185 | D:11     | HP: 3/96 [gargoyle/flail (4)]
  9419 | D:11     | Found a frozen archway.
  9571 | IceCv    | Entered an ice cave
 11123 | IceCv    | Noticed a reaper
 11141 | IceCv    | Killed a reaper
 11141 | IceCv    | Reached ****** piety under Okawaru
 11141 | IceCv    | Received a gift from Okawaru
 11141 | IceCv    | Reached skill level 10 in Fighting
 11608 | IceCv    | Reached skill level 10 in Armour
 12345 | D:11     | Noticed a two-headed ogre
 12346 | D:11     | Noticed a cyan ugly thing
 12400 | D:11     | Killed a two-headed ogre
 12434 | D:11     | Reached XP level 12. HP: 33/106 MP: 12/12
 14923 | D:12     | Found a runed gate.
 14956 | D:12     | Received a gift from Okawaru
 15082 | D:12     | Found a runed gate.
 15084 | D:12     | Found a runed gate.
 15088 | D:12     | Noticed Wishicw's ghost (novice MiBe)
 15096 | D:12     | Found a white marble altar of Elyvilon.
 15490 | D:12     | Noticed a six-headed hydra
 15657 | Lair:1   | Entered Level 1 of the Lair of Beasts
 15663 | Lair:1   | Noticed Rueph's ghost (journeyman DsGl)
 15666 | Lair:1   | Noticed a minotaur
 15685 | Lair:1   | Found a runed gate.
 15685 | Lair:1   | Found a runed gate.
 15685 | Lair:1   | Found a runed gate.
 15741 | Lair:1   | Found a dark tunnel.
 15748 | Volcano  | Entered a volcano
 16127 | Volcano  | Reached skill level 12 in Shields
 17140 | D:12     | Killed a one-headed hydra
 17418 | D:13     | Received a gift from Okawaru
 17604 | D:13     | Found Subresana's Assorted Antiques.
 18136 | D:13     | Reached XP level 13. HP: 91/116 MP: 8/13
 18542 | D:12     | Received a gift from Okawaru
 18546 | D:12     | Reached skill level 10 in Long Blades
 19797 | Lair:2   | Noticed Erica
 19806 | Lair:2   | Killed Erica
 20440 | Lair:3   | Reached skill level 13 in Shields
 20492 | Lair:3   | Found a hole to the Spider Nest.
 21094 | Lair:3   | Received a gift from Okawaru
 21191 | Lair:3   | Found a staircase to the Shoals.
 24133 | Lair:5   | Received a gift from Okawaru
 24141 | Lair:5   | HP: 3/118 [oklob plant/splash of acid (11)]
 24141 | Lair:5   | Splashed by an oklob plant's acid

Skill      XL: |  1  2  3  4  5  6  7  8  9 10 11 12 13 |
---------------+----------------------------------------+-----
Shields        | 4 5 6 7 9 10 11 12 13 | 13.6
Fighting       | 4 5 6 7 8 9 10 11 12 | 12.1
Armour         | 4 5 7 8 10 11 12 | 12.4
Long Blades    | 3 4 5 6 9 11 | 11.9
Dodging        | 1 2 3 4 |  4.9
Axes           | 1 7 9 11 12 | 12.7
Stealth        | 1 2 |  2.0
Invocations    | 1 |  1.6
Evocations     | 1 2 |  2.1

Action                   |  1- 3 |  4- 6 |  7- 9 | 10-12 | 13-15 || total
-------------------------+-------+-------+-------+-------+-------++-------
Melee: Long sword        |    89 |   145 |    18 |   279 |       ||   531
       Headbutt          |    10 |    37 |    68 |   238 |    83 ||   436
       Hand axe          |       |       |   235 |   418 |       ||   653
       Demon blade       |       |       |       |   216 |   255 ||   471
Invok: Heroism           |       |       |     1 |     5 |       ||     6
Evoke: Wand              |       |       |       |    15 |     7 ||    22
  Use: Potion            |       |     1 |       |     6 |     1 ||     8
       Scroll            |       |     4 |    15 |    11 |     3 ||    33
  Eat: Chunk             |       |     8 |    10 |    18 |    38 ||    74
       Ration            |       |       |       |     6 |     1 ||     7
Armor: Scale mail        |    53 |    59 |    37 |       |       ||   149
       Plate armour      |       |       |    33 |       |       ||    33
       Chain mail        |       |       |    24 |   366 |   113 ||   503
Dodge: Dodged            |    31 |    56 |    60 |   255 |    86 ||   488
Block: Shield            |    78 |   103 |   160 |   576 |   177 ||  1094
       Rpst.: Long sword |    11 |    21 |     1 |    26 |       ||    59
       Demon blade       |       |       |       |    21 |    21 ||    42
